AoeStats
← Iamak3186

Arabia

504191993Analyzed
1v1 RM · 29d ago on Sep 4, 2026· 45m 2s· 2 players
Game mode
Random Map
Map size
Tiny (2 player)
Population
200
Speed
Normal
Resources
Standard
Victory
Conquest
Starting age
Dark Age
Ending age
Imperial Age
RankedLock teamsTeams togetherTeam positionsShared explorationLock speedFull tech treeHidden civsTurbo modeCheats
Victory
Defeat
🇮🇳 Mongols · India
1275
+17
🇪🇸 Magyars · Spain
1302
-17
Iamak3186
5:23 Loom
7:52 Feudal Age
8:50 Double-Bit Axe
12:36 Horse Collar
19:08 Castle Age
17:39 Bloodlines
19:14 Gold Mining
19:16 Fletching
20:06 Bodkin Arrow
20:29 Bow Saw
24:25 Padded Archer Armor
25:02 Ballistics
28:55 Wheelbarrow
28:47 Light Cavalry
30:23 Scale Barding Armor
31:05 Stone Mining
31:19 Heavy Plow
35:35 Chain Barding Armor
39:06 Imperial Age
37:31 Leather Archer Armor
37:49 Forging
40:34 Heavy Camel Rider
41:51 Iron Casting
42:08 Masonry
43:30 Conscription
44:47 Chemistry
43:49 Bracer
lucantemp
7:09 Loom
9:27 Feudal Age
10:22 Double-Bit Axe
11:25 Wheelbarrow
10:59 Horse Collar
20:51 Castle Age
19:26 Gold Mining
19:29 Fletching
19:41 Padded Archer Armor
20:51 Bloodlines
21:33 Bodkin Arrow
23:04 Husbandry
25:12 Leather Archer Armor
26:07 Elite Skirmisher
27:28 Ballistics
30:04 Stone Mining
39:39 Imperial Age
37:48 Hand Cart
39:33 Thumb Ring
41:38 Bracer
43:07 Scale Barding Armor
46:11 Chemistry
Connection lost

Rejoining the realm…

Still unreachable

The connection could not be restored.

Session expired

The server has moved on; the page needs a fresh start.